 Dungeon Crawl Stone Soup version 0.27-a0-200-g8ba017916c (webtiles) character file.

Game seed: 6886374642041184653

46 SomeFlowers the Insei (level 3, 0/20 HPs)
             Began as a Kobold Transmuter on Jan 30, 2021.
             Slain by an adder (2 damage)
             ... on level 2 of the Dungeon.
             The game lasted 00:01:08 (1644 turns).

SomeFlowers the Insei (Kobold Transmuter)           Turns: 1644, Time: 00:01:09

Health: 0/20       AC:  2    Str:  8    XL:     3   Next: 92%
Magic:  6/6        EV: 15    Int: 14    God:
Gold:   136        SH:  0    Dex: 15    Spells: 5/6 levels left

rFire    . . .     SeeInvis .     - Unarmed
rCold    . . .     Faith    .   (shield restricted)
rNeg     . . .     Spirit   .   a - +0 robe
rPois    .         Reflect  .   (helmet currently unavailable)
rElec    .         Harm     .   (no cloak)
rCorr    .         Rampage  .   (no gloves)
Will     .....                  (boots currently unavailable)
Stlth    +++.......             (no amulet)
HPRegen  0.06/turn              (no ring)
MPRegen  0.10/turn              (no ring)

@: lethally poisoned (0 -> -13), appendages (expiring)
A: small, horns 2, talons 2, nightstalker 3
a: End Transformation


You were on level 2 of the Dungeon.
You had grown temporary horns.
You had grown temporary talons.
You visited 1 branch of the dungeon, and saw 2 of its levels.

You collected 136 gold pieces.

Inventory:

Hand Weapons
 g - a +0 whip
Armour
 a - a +0 robe (worn)
Scrolls
 b - a scroll of remove curse {unknown}
 c - 2 scrolls of amnesia {unknown}
 d - 2 scrolls of identify {unknown}
 e - a scroll of enchant armour {unknown}
 f - a scroll of enchant weapon {unknown}
Potions
 h - a potion of heal wounds


   Skills:
 - Level 1.1 Fighting
 - Level 2.5 Dodging
 + Level 2.6 Stealth
 - Level 3.7 Unarmed Combat
 - Level 2.3 Spellcasting
 - Level 2.2 Transmutations


You had 5 spell levels left.
You knew the following spells:

 Your Spells              Type           Power        Failure   Level
a - Beastly Appendage     Tmut           14%          10%         1

Your spell library contained the following spells:

 Spells                   Type           Power        Failure   Level
 Wereblood                Tmut           7%           14%         2
 Spider Form              Tmut/Pois      2%           41%         3
 Ice Form                 Ice/Tmut       4%           82%         4
 Blade Hands              Tmut           3%           95%         5


Dungeon Overview and Level Annotations

Branches:
Dungeon (2/15)

Altars:


Innate Abilities, Weirdness & Mutations

You are small and have problems with some larger weapons.
You are completely attuned to the shadows.
You have a pair of horns on your head.
You have razor-sharp toenails.


Message History

You barely miss the adder.
The adder is moderately wounded.
* * * LOW HITPOINT WARNING * * *
You feel sick. The adder misses you. The adder closely misses you.
You hit the adder. Your kick misses the adder.
The adder is severely wounded.
The adder completely misses you.
You hit the adder but do no damage. Your headbutt misses the adder.
The adder is severely wounded.
* * * LOW HITPOINT WARNING * * *
You feel sick. The adder bites you.
* * * LOW HITPOINT WARNING * * *
You are more poisoned.
The adder poisons you!
You miss the adder.
The adder is severely wounded.
Your transformation is almost over.
* * * LOW HITPOINT WARNING * * *
You feel sick. The adder bites you.
You die...

#.# ####.####
#...)..†.
#####.##.####
.......+.....##.#
##......####..##.#
........# #..##.#
#..S...# #..##.#
#..@...####..#
######...^.......#
............<....#
.................#
......##+######..#
......# ..# #..#
....†.# #.# #..#
## ......# #.#
#..# .. +###.##
#.# #..#######


You could see an adder.

Vanquished Creatures
  A gnoll (D:1)
  An adder (D:2)
  A worm (D:2)
  4 bats
  A giant cockroach (D:2)
  3 hobgoblins (D:2)
  4 jackals (D:1)
  4 kobolds
  2 frilled lizards
  2 rats
23 creatures vanquished.

Notes
Turn   | Place    | Note
-------+----------+-------------------------------------------
     0 | D:1      | SomeFlowers the Kobold Transmuter began the quest for the
                  | Orb.
     0 | D:1      | Reached XP level 1. HP: 12/12 MP: 3/3
   402 | D:1      | Reached XP level 2. HP: 6/16 MP: 3/5
  1008 | D:1      | Reached XP level 3. HP: 20/20 MP: 4/6
  1297 | D:2      | Reached skill level 1 in Stealth
  1644 | D:2      | Slain by an adder

Illustrated notes

Levels and vault maps discovered:
D:1:      shiori_arrival_maze, layout_loops_cross
D:2:      layout_basic

Skill      XL: |  1  2  3 |
---------------+----------+-----
Stealth        | 2 |  2.6
Fighting       | |  1.1
Dodging        | |  2.5
Unarmed Combat | |  3.7
Spellcasting   | |  2.3
Transmutations | |  2.2

Action                   || total
-------------------------++-------
Melee: Unarmed           ||    90
       Kick              ||    14
       Headbutt          ||     4
       Punch             ||     2
 Cast: Beastly Appendage ||    12
  Use: Potion            ||     1
 Stab: Sleeping          ||     3
Armor: Robe              ||    12
Dodge: Dodged            ||    70

Table legend: (Time is in decaauts)
 A = Elapsed time spent in this place.
 B = Non-inter-level travel time spent in this place.
 C = Inter-level travel time spent in this place.
 D = Time resting spent in this place.
 E = Time spent auto-exploring this place.
 F = Levels seen in this place.
 G = Mean time per level.
                   A        B        C        D        E       F      G
               +--------+--------+--------+--------+--------+-----+--------+
         Total |   1637 |   1625 |     12 |      0 |   1419 |   2 |  818.5 |
       Dungeon |   1637 |   1625 |     12 |      0 |   1419 |   2 |  818.5 |
               +--------+--------+--------+--------+--------+-----+--------+

Top non-repeatable levels by time:
     D:1: 1254 daAuts
     D:2: 383 daAuts
